 Dungeon Crawl Stone Soup version 0.19.5 (webtiles) character file.

2659 Jerry the Basher (level 9, -4/57 HPs)
             Began as a Gargoyle Fighter on Apr 26, 2017.
             Was a Follower of Okawaru.
             Slain by Joseph
             ... wielding a cursed -1 hunting sling
              (9 damage)
             ... on level 8 of the Dungeon.
             The game lasted 00:26:26 (8513 turns).

Jerry the Basher (Gargoyle Fighter)                 Turns: 8513, Time: 00:26:26

Health: -4/57      AC: 20    Str: 24    XL:     9   Next: 63%
Magic:  10/10      EV:  8    Int: 10    God:    Okawaru [*.....]
Gold:   503        SH:  5    Dex: 12    Spells: 0 memorised, 8 levels left

rFire  + . .     SeeInvis .     I - +2 whip (pain)
rCold  + . .     Gourm    .     G - +0 chain mail
rNeg   + . .     Faith    .     H - +0 buckler
rPois  ∞         Spirit   .     (no helmet)
rElec  +         Reflect  .     D - +0 cloak
rCorr  .         Harm     .     c - +2 pair of gloves
MR     .....                    (no boots)
Stlth  ..........               (no amulet)
                                r - ring of protection from cold
                                i - ring of protection from fire

@: mighty
A: negative energy resistance 1, electricity resistance, unbreathing,
petrification resistance, rot immunity, AC +5
a: Heroism, Renounce Religion


You were on level 8 of the Dungeon.
You worshipped Okawaru.
Okawaru was aware of your devotion.
You were not hungry.

You visited 2 branches of the dungeon, and saw 9 of its levels.

You collected 503 gold pieces.

Inventory:

Hand Weapons
 k - a +0 blowgun
 I - a +2 whip of pain (weapon)
Missiles
 E - 34 poisoned needles
Armour
 c - a +2 pair of gloves (worn)
 D - a +0 cloak (worn)
 G - a +0 chain mail (worn)
 H - a +0 buckler (worn)
Jewellery
 d - an uncursed ring of ice
 e - an uncursed ring of resist corrosion
 i - a ring of protection from fire (left hand)
 o - an uncursed ring of see invisible
 r - a ring of protection from cold (right hand)
Wands
 s - a wand of random effects (26/48)
 w - a wand of lightning (13/15)
 x - a wand of polymorph (13/24)
Scrolls
 b - a scroll of acquirement {unknown}
 g - a scroll of fog
 j - 7 scrolls of identify
 l - a scroll of remove curse
 u - a scroll of enchant armour
 y - a scroll of enchant weapon {unknown}
 C - a scroll of immolation
Potions
 a - a potion of flight {unknown}
 h - 2 potions of magic {unknown}
 m - 2 potions of mutation {unknown}
 n - 2 potions of brilliance {unknown}
 p - 5 potions of curing {unknown}
 q - a potion of ambrosia {unknown}
 t - 2 potions of invisibility {unknown}
 v - 4 potions of agility {unknown}
 z - 2 potions of lignification {unknown}
 K - a potion of haste {unknown}
Books
 B - a book of Callings

   Spells                             Type                      Level
   a - Summon Small Mammal            Summoning                    1
   b - Call Imp                       Summoning                    2
   c - Call Canine Familiar           Summoning                    3
   d - Summon Guardian Golem          Hexes/Summoning              3
   e - Summon Lightning Spire         Summoning/Air                4
   f - Summon Ice Beast               Ice/Summoning                4
Comestibles
 f - 7 bread rations
 A - 3 meat rations
 F - a fruit


   Skills:
 + Level 7.3 Fighting
 * Level 8.1 Maces & Flails
 + Level 7.2 Armour
 - Level 6.6 Shields
 + Level 2.2 Invocations


You had 8 spell levels left.
You didn't know any spells.

Dungeon Overview and Level Annotations

Branches:
Dungeon (8/15)             Temple (1/1) D:7            Lair (0/6) D:8

Altars:
Ashenzari
Cheibriados
Dithmenos
Elyvilon
Fedhas
Gozag
Hepliaklqana
Kikubaaqudgha
Makhleb
Okawaru
Qazlal
Ru
Sif Muna
Trog
Uskayaw
Vehumet
Xom
Yredelemnul
Zin
The Shining One

Annotations:
D:2 Robin
D:8 Joseph


Innate Abilities, Weirdness & Mutations

You are resistant to torment.
Your stone body is resilient. (AC +5)
You are immune to poison.
You resist negative energy. (rN+)
You are resistant to electric shocks. (rElec)
You can survive without breathing.
You are immune to petrification.
You are immune to rotting.


Message History

You whack something! Something hits you but does no damage.
Joseph shoots a sling bullet.
The sling bullet hits you.
* * * LOW HITPOINT WARNING * * *
Something hits you but does no damage.
You whack something! Okawaru accepts your kill.
Reactivating autopickup.
You feel a bit more experienced.
Joseph shoots a sling bullet.
The sling bullet barely misses you.
You closely miss the orc wizard.
The orc priest invokes the aid of Beogh against you.
Beogh smites you!
* * * LOW HITPOINT WARNING * * *
The orc wizard hits you but does no damage.
You whack the orc wizard!
The orc wizard is heavily wounded.
You whack Joseph!
Joseph is heavily wounded.
Joseph hits you with a hunting sling!
You die...

#...# #...# #...#
#...# ### #...# #...
#####...#####.#..
......./........#
........@:...?..#
......o.o@....(..
###:#...#(####..# #
#...#.# # #...#.#
#.#...#.# ##
#.#...#.###### .
#.####............#.#
#
#...###.......##....
#.
#..###...##..##....


You could see Joseph, an orc priest and an orc wizard.

Vanquished Creatures
  A phantom (D:4)
  A black bear (D:6)
  An ogre (D:4)
  The ghost of Chifra the Skirmisher, an amateur DsFi (D:3)
  2 centaurs (D:5)
  A crocodile (D:7)
  2 bullfrogs (D:8)
  3 scorpions
  6 killer bees (D:6)
  3 howler monkeys
  8 wights (D:7)
  A vampire bat (D:4)
  A centaur zombie (D:5)
  2 crimson imps (D:7)
  A jelly (D:5)
  2 orc priests (D:4)
  2 orc wizards
  A quasit (D:4)
  A gnoll shaman (D:5)
  7 worker ants
  2 iguanas
  A killer bee zombie (D:6)
  15 gnolls (D:5)
  12 adders
  A shadow imp (D:5)
  An adder skeleton (D:5)
  An adder zombie (D:7)
  4 worms
  2 dart slugs
  3 fire bats (D:4)
  9 leopard geckos
  22 orcs
  2 spectral bats (D:4)
  15 bats
  3 bat skeletons (D:4)
  A bat zombie (D:4)
  2 giant cockroaches
  14 goblins
  6 hobgoblins
  15 jackals
  3 quokkas
  2 ball pythons (D:3)
  A bat simulacrum (D:4)
  5 frilled lizards
  9 kobolds
  8 rats
206 creatures vanquished.

Notes
Turn   | Place    | Note
-------+----------+-------------------------------------------
     0 | D:1      | Jerry the Gargoyle Fighter began the quest for the Orb.
     0 | D:1      | Reached XP level 1. HP: 14/14 MP: 1/1
   153 | D:1      | Reached XP level 2. HP: 18/19 MP: 2/2
   388 | D:1      | Reached XP level 3. HP: 24/24 MP: 3/3
  1108 | D:2      | Noticed Robin
  1112 | D:2      | Reached XP level 4. HP: 27/29 MP: 4/4
  1239 | D:2      | Reached skill level 3 in Maces & Flails
  1621 | D:3      | Noticed Chifra's ghost (amateur DsFi)
  1636 | D:3      | Killed Chifra's ghost
  1636 | D:3      | Reached XP level 5. HP: 2/34 MP: 5/5
  2104 | D:3      | Found a shattered altar of Ashenzari.
  2736 | D:4      | Reached skill level 4 in Maces & Flails
  2736 | D:4      | Reached XP level 6. HP: 34/39 MP: 6/6
  3695 | D:4      | Reached XP level 7. HP: 44/44 MP: 7/7
  3813 | D:4      | Reached skill level 5 in Shields
  4101 | D:5      | Entered Level 5 of the Dungeon
  4110 | D:4      | Reached skill level 5 in Maces & Flails
  4185 | D:4      | Reached skill level 5 in Fighting
  4185 | D:4      | Reached skill level 5 in Armour
  4857 | D:5      | Found a bloodstained altar of Trog.
  4869 | D:5      | Reached XP level 8. HP: 32/50 MP: 8/8
  5008 | D:5      | Reached skill level 6 in Maces & Flails
  5409 | D:5      | Found a basalt altar of Yredelemnul.
  5902 | D:6      | Found a shimmering altar of Xom.
  5904 | D:6      | Found a deep blue altar of Sif Muna.
  5904 | D:6      | Found a white marble altar of Elyvilon.
  5906 | D:6      | Found a bloodstained altar of Trog.
  5906 | D:6      | Found a shimmering altar of Xom.
  5906 | D:6      | Found a basalt altar of Yredelemnul.
  5930 | D:6      | Found a shattered altar of Ashenzari.
  6695 | D:7      | Found a staircase to the Ecumenical Temple.
  6711 | D:6      | Reached skill level 7 in Maces & Flails
  6730 | D:6      | Reached XP level 9. HP: 33/56 MP: 9/9
  6987 | Temple   | Entered the Ecumenical Temple
  7232 | Temple   | Became a worshipper of Warmaster Okawaru
  7407 | D:7      | Found a deep blue altar of Sif Muna.
  7494 | D:7      | Reached skill level 1 in Invocations
  7648 | D:7      | Found a sacrificial altar of Ru.
  8019 | D:7      | Found a hide-covered altar of Uskayaw.
  8368 | D:7      | Reached skill level 8 in Maces & Flails
  8448 | D:8      | Reached * piety under Okawaru
  8476 | D:8      | Found a staircase to the Lair.
  8489 | D:8      | Noticed Joseph
  8513 | D:8      | Slain by Joseph

Skill      XL: |  1  2  3  4  5  6  7  8  9 |
---------------+----------------------------+-----
Fighting       | 4 5 6 7 |  7.3
Maces & Flails | 3 4 5 7 8 |  8.1
Armour         | 4 5 6 7 |  7.2
Shields        | 4 5 6 |  6.6
Invocations    | 2 |  2.2

Action                   |  1- 3 |  4- 6 |  7- 9 || total
-------------------------+-------+-------+-------++-------
Melee: Flail             |   128 |   218 |   332 ||   678
       Whip              |       |       |   428 ||   428
 Fire: Blowgun           |       |    10 |       ||    10
  Use: Scroll            |       |     2 |    11 ||    13
       Potion            |       |     1 |     1 ||     2
  Eat: Chunk             |     1 |     8 |    14 ||    23
       Fruit             |       |       |     2 ||     2
       Pizza             |       |       |     1 ||     1
Armor: Scale mail        |    97 |   205 |   118 ||   420
       Chain mail        |       |       |   415 ||   415
Dodge: Dodged            |    93 |   151 |   310 ||   554
Block: Buckler           |       |       |   121 ||   121
